 Dungeon Crawl Stone Soup version 0.30-a0-652-gcc886f7154 (webtiles) character file.

Game seed: 13797500680632865202

438 Khashishi the Sneak (level 7, -3/35 HPs)
             Began as a Vine Stalker Enchanter on Jan 17, 2023.
             Was a Believer of Fedhas.
             Slain by a gnoll
             ... wielding a +0 flail
              (9 damage)
             ... on level 4 of the Dungeon.
             The game lasted 00:11:16 (2642 turns).

Khashishi the Sneak (Vine Stalker Enchanter)        Turns: 2642, Time: 00:11:17

Health: -3/35      AC:  2    Str: 11    XL:     7   Next: 1%
Magic:  0/13       EV: 12    Int: 17    God:    Fedhas [**....]
Gold:   249        SH:  0    Dex: 14    Spells: 5/12 levels left

rFire   . . .      SeeInvis .    a - +1 dagger
rCold   . . .      Faith    .    (no shield)
rNeg    . . .      Spirit   +    b - +0 robe
rPois   .          Reflect  .    (no helmet)
rElec   .          Harm     .    (no cloak)
rCorr   .          Rampage  .    (no gloves)
Will    .....                    (no boots)
Stlth   +++                      (no amulet)
HPRegen 1.05/turn                (no ring)
MPRegen 0.13/turn                (no ring)

@: no status effects
A: fangs 2, regeneration 1, magic shield, antimagic bite, no potion heal 2
a: Renounce Religion, Wall of Briars


You were on level 4 of the Dungeon.
You worshipped Fedhas.
Fedhas was pleased with you.
You visited 1 branch of the dungeon, and saw 4 of its levels.

You collected 249 gold pieces.

Inventory:

Hand Weapons
 a - a +1 dagger (weapon)
Armour
 b - a +0 robe (worn)
Scrolls
 f - 2 scrolls of fear {unknown}
 i - 2 scrolls of enchant armour {unknown}
 j - 4 scrolls of magic mapping {unknown}
 k - a scroll of amnesia {unknown}
 m - a scroll of poison {unknown}
 o - a scroll of fog {unknown}
 p - 2 scrolls of identify {unknown}
 t - a scroll of immolation {unknown}
 u - a scroll of teleportation {unknown}
Potions
 c - a potion of invisibility
 d - a potion of haste {unknown}
 e - a potion of might {unknown}
 g - a potion of heal wounds {unknown}
 h - a potion of magic {unknown}
 l - 2 potions of flight {unknown}
 n - 2 potions of berserk rage {unknown}
 q - a potion of ambrosia {unknown}
 r - a potion of lignification {unknown}
 s - a potion of brilliance {unknown}


   Skills:
 + Level 2.1 Fighting
 + Level 2.4 Short Blades
 - Level 1.5 Dodging
 + Level 5.0 Stealth
 + Level 3.4 Spellcasting
 + Level 4.0 Hexes
 + Level 2.2 Ice Magic
 + Level 2.1 Invocations


You had 5 spell levels left.
You knew the following spells:

 Your Spells              Type           Power      Damage    Failure   Level
a - Ensorcelled Hibernat  Hex/Ice        26%        N/A       7%          2
b - Blink                 Tloc           4%         N/A       26%         2
c - Tukima's Dance        Hex            16%        N/A       10%         3

Your spell library contained the following spells:

 Spells                   Type           Power      Damage    Failure   Level
 Confusing Touch          Hex            16%        N/A       10%         3
 Dazzling Flash           Conj/Hex       18%        N/A       22%         3
 Lesser Beckoning         Tloc           4%         N/A       26%         2
 Momentum Strike          Conj/Tloc      4%         3d8       26%         2


Dungeon Overview and Level Annotations

Branches:
Dungeon (4/15)
 Temple: D:4-7

Altars:
Fedhas
Okawaru
Wu Jian
Xom

Annotations:
D:4 1 runed translucent door, Robin; zinnoa's ghost, amateur FeEn


Innate Abilities, Weirdness & Mutations

You have extremely sharp teeth.
Your natural rate of healing is unusually fast.
When hurt, damage is shared between your health and your magic reserves.
Your bite disrupts and absorbs the magic of your enemies.
Potions cannot restore your health.


Message History

The gnoll resists with significant effort.
The gnoll hits you with a +0 whip!
You hit the gnoll.
The gnoll is heavily wounded.
The gnoll hits you with a +0 whip.
You barely miss the gnoll. You bite the gnoll. You drain its power.
You feel invigorated.
The gnoll is severely wounded.
The gnoll hits you with a +0 whip.
You hit the gnoll. You bite the gnoll, but do no damage.
The gnoll is severely wounded.
You barely miss the gnoll.
The gnoll is severely wounded.
The gnoll completely misses you.
You hit the gnoll.
The gnoll is almost dead.
The gnoll hits you with a +0 whip.
You hit the gnoll.
You kill the gnoll!
Fedhas appreciates your contribution to the ecosystem.
Your Stealth skill increases to level 5!
You have reached level 7!
Casting: Ensorcelled Hibernation (safe; 7% risk of failure)
Confirm with . or Enter, or press ? or * to list all spells.
Aiming: Ensorcelled Hibernation (safe; 7% risk of failure)
Press: ? - help, Shift-Dir - straight line, f - gnoll
Aim: a gnoll, wielding a +0 flail (chance to affect: 55%)
The gnoll resists with significant effort.
The gnoll closely misses you.
You barely miss the gnoll. Your bite misses the gnoll.
The gnoll hits you with a +0 flail.
You hit the gnoll. Your bite misses the gnoll.
The gnoll is lightly wounded.
The gnoll hits you with a +0 flail!
* * * LOW HITPOINT WARNING * * *
The gnoll attacks as you move away! The gnoll hits you with a +0 flail.
* * * LOW HITPOINT WARNING * * *
The gnoll attacks as you move away! The gnoll hits you with a +0 flail!
You die...
Fedhas appreciates your contribution to the ecosystem.

##### ###...# ########
#>#...#####......#
#.#......##......###### #
#.gg.g@...............)
##.#####g#......##......##.###
...g...#.####...##......##†#
..g.gg.#g# ###########....#
..gg...#g# #.....### #g..gg#
#.....# #.###.# #.....# #..
#.# #.....###.. #.#
#..........


You could see Robin, 2 gnolls and a goblin.

Vanquished Creatures
  Grinder (D:4)
  A phantom (D:3)
  A scorpion (D:4)
  Jessica (D:2)
  2 gnolls (D:4)
  A dart slug (D:3)
  A worm (D:2)
  2 orcs
  7 ball pythons
  5 endoplasms
  4 giant cockroaches
  10 goblins
  3 hobgoblins
  4 jackals (D:1)
  2 quokkas
  5 bats
  3 frilled lizards
  7 kobolds
  A rat (D:2)
61 creatures vanquished.

Notes
Turn   | Place    | Note
-------+----------+-------------------------------------------
     0 | D:1      | Khashishi the Vine Stalker Enchanter began the quest for
                  | the Orb.
     0 | D:1      | Reached XP level 1. HP: 9/9 MP: 4/4
    42 | D:1      | Reached skill level 1 in Short Blades
   104 | D:1      | Reached XP level 2. HP: 11/14 MP: 4/6
   107 | D:1      | Learned a level 2 spell: Ensorcelled Hibernation
   118 | D:1      | Found a faded altar of an unknown god.
   124 | D:1      | Prayed at the altar of an unknown god.
   124 | D:1      | Became a worshipper of Fedhas Madash
   124 | D:1      | Reached * piety under Fedhas
  1059 | D:2      | Reached XP level 3. HP: 17/17 MP: 7/7
  1081 | D:2      | Noticed Jessica
  1120 | D:2      | Killed Jessica
  1121 | D:2      | Reached skill level 4 in Stealth
  1171 | D:2      | Found a shimmering altar of Xom.
  1185 | D:2      | Reached skill level 1 in Fighting
  1243 | D:2      | You fall into a shaft and drop 1 floor!
  1324 | D:3      | Gained mutation: Your natural rate of healing is unusually
                  | fast. [Vine Stalker growth]
  1324 | D:3      | Reached XP level 4. HP: 18/22 MP: 5/8
  1400 | D:3      | Found an iron altar of Okawaru.
  2099 | D:3      | Learned a level 2 spell: Blink
  2103 | D:3      | Learned a level 3 spell: Tukima's Dance
  2189 | D:3      | Reached skill level 1 in Ice Magic
  2191 | D:3      | Reached ** piety under Fedhas
  2213 | D:3      | Reached skill level 1 in Invocations
  2219 | D:3      | Noticed a phantom
  2240 | D:3      | Killed a phantom
  2241 | D:3      | Reached XP level 5. HP: 21/25 MP: 3/10
  2432 | D:3      | Found an ornate altar of the Wu Jian Council.
  2491 | D:4      | Noticed Grinder
  2507 | D:4      | Killed Grinder
  2508 | D:4      | Reached XP level 6. HP: 12/30 MP: 2/11
  2543 | D:4      | Found a runed translucent door.
  2550 | D:4      | Noticed zinnoa's ghost (amateur FeEn)
  2603 | D:4      | Noticed Robin
  2633 | D:4      | Reached skill level 5 in Stealth
  2633 | D:4      | Reached XP level 7. HP: 13/35 MP: 4/13
  2642 | D:4      | Slain by a gnoll

Illustrated notes

Levels and vault maps discovered:
D:1:      minmay_arrival_open_corners, layout_basic, serial_curves,
          eino_curves_01, eino_curves_03, eino_curves_03, eino_curves_03,
          ebering_ecumenical_altar_hall
D:2:      layout_loops_cross, basic_altar, uniq_jessica
D:3:      minmay_angry_zag, layout_basic, lemuel_tele_altar,
          mainiacjoe_overflow_alcove_2, minmay_misc_feat_x
D:4:      layout_basic, ebering_ghost_sewer_f, chequers_decorated_corner,
          uniq_robin, uniq_grinder

Skill      XL: |  1  2  3  4  5  6 |
---------------+-------------------+-----
Short Blades   | 1 2 |  2.4
Stealth        | 4 5 |  5.0
Fighting       | 1 2 |  2.1
Ice Magic      | 1 2 |  2.2
Invocations    | 1 2 |  2.1
Spellcasting   | 3 |  3.4
Hexes          | 4 |  4.0
Dodging        | |  1.5

Action                   |  1- 3 |  4- 6 |  7- 9 || total
-------------------------+-------+-------+-------++-------
Melee: Dagger            |    76 |   127 |     2 ||   205
       Bite              |    18 |    30 |       ||    48
       Punch             |     1 |     4 |       ||     5
 Cast: Ensorcelled Hiber |     3 |     5 |     1 ||     9
       Tukima's Dance    |       |     2 |       ||     2
  Use: Potion            |       |     1 |       ||     1
 Stab: Sleeping          |     9 |     9 |       ||    18
       Distracted        |     1 |       |       ||     1
       Invisible         |       |     3 |       ||     3
Armor: Robe              |     4 |    16 |       ||    20
       Ring mail         |     1 |       |       ||     1
Dodge: Dodged            |    29 |    67 |     1 ||    97

Table legend: (Time is in decaauts)
 A = Elapsed time spent in this place.
 B = Non-inter-level travel time spent in this place.
 C = Inter-level travel time spent in this place.
 D = Time resting spent in this place.
 E = Time spent auto-exploring this place.
 F = Levels seen in this place.
 G = Mean time per level.
                   A        B        C        D        E       F      G
               +--------+--------+--------+--------+--------+-----+--------+
         Total |   2624 |   2521 |    103 |      0 |   1672 |   4 |  656.0 |
       Dungeon |   2624 |   2521 |    103 |      0 |   1672 |   4 |  656.0 |
               +--------+--------+--------+--------+--------+-----+--------+

Top non-repeatable levels by time:
     D:1: 1028 daAuts
     D:3: 810 daAuts
     D:2: 628 daAuts
     D:4: 156 daAuts
